 Dungeon Crawl Stone Soup version 0.20.1-1-g8b1a95d (webtiles) character file.

1569850 ThePrince the Conqueror (level 27, 236/243 (245) HPs)
             Began as a Minotaur Gladiator on Aug 4, 2017.
             Was the Champion of Okawaru.
             Escaped with the Orb
             ... and 3 runes on Aug 5, 2017!
             The game lasted 07:00:09 (84329 turns).

ThePrince the Conqueror (Minotaur Gladiator)       Turns: 84329, Time: 07:00:10

HP:   236/243 (245) AC: 45    Str: 28    XL:     27
MP:   29/29         EV: 25    Int:  6    God:    Okawaru [******]
Gold: 5215          SH: 33    Dex: 20    Spells: 25/26 levels left

rFire    + + .     SeeInvis +   w - +8 war axe of Expedience {speed, rN+ MP+9}
rCold    x . .     Gourm    .   F - +8 large shield of Resourcefulness {Int-5 Dex+6}
rNeg     + + .     Faith    .   o - +15 Maxwell's patent armour {-Cast -Tele rElec MR+ rCorr}
rPois    +         Spirit   +   Z - +0 hat "Nonweyme" {rPois rCorr Int+4}
rElec    +         Reflect  .   G - +2 cloak {+Inv}
rCorr    +         Harm     .   s - +3 pair of gauntlets of War {Slay+5}
MR       +++++     Rnd*Rage +   E - +2 pair of boots {run} Stlth ..........NoTele +
                                Q - amulet of Ilapoena {Spirit rF+ Slay+3}
Regen    0.5/turn  NoCast   +   T - ring of Yzabruf {+Fly rF+ rC- rN+ MR++}
MPRegen  0.3/turn               I - ring of see invisible

@: quick
A: retaliatory headbutt, claws 1, horns 2, repulsion field 1, [berserk 2],
blurry vision 1, clever 1, [deformed body], [frail 2], low mp 3, robust 1,
shaggy fur 1, teleportitis 1, weak 1
0: Orb of Zot
}: 3/15 runes: decaying, serpentine, slimy
a: Heroism, Finesse, Renounce Religion, Evoke Invisibility, Evoke Flight


You escaped.
You worshipped Okawaru.
Okawaru was exalted by your worship.
You were very hungry.

You visited 10 branches of the dungeon, and saw 52 of its levels.
You also visited: Labyrinth and Ice Cave.

You collected 7013 gold pieces.
You spent 1798 gold pieces at shops.

Inventory:

Hand Weapons
 w - the +8 war axe of Expedience (weapon) {speed, rN+ MP+9}
   (You found it on level 2 of the Snake Pit)

   Attacks with this weapon are significantly faster.
   It protects you from negative energy.
   It affects your magic capacity (+9).
 C - the +10 dark maul {crush}
   (Okawaru gifted it to you on level 2 of the Vaults)

   It inflicts extra damage upon your enemies.
Missiles
 d - 7 throwing nets
 y - 8 silver javelins
 H - 21 poisoned javelins
 M - 3 javelins of penetration (quivered)
Armour
 k - a +2 hat of magic resistance
 m - the +1 plate armour of the Cooper {+Inv rElec rF+ rC+}
   (You bought it in a shop on level 2 of the Orcish Mines)

   It protects you from fire.
   It protects you from cold.
   It insulates you from electricity.
   It lets you turn invisible.
 o - the +15 Maxwell's patent armour (worn) {-Cast -Tele rElec MR+ rCorr}
   (Okawaru gifted it to you on level 5 of the Realm of Zot)

   It insulates you from electricity.
   It affects your resistance to hostile enchantments.
   It prevents spellcasting.
   It prevents most forms of teleportation.
   It protects you from acid and corrosion.
 s - the +3 pair of gauntlets of War (worn) {Slay+5}
   (You found it on level 1 of the Depths)

   It affects your accuracy and damage with ranged weapons and melee attacks
   (+5).
 E - a +2 pair of boots of running (worn)
 F - the +8 large shield of Resourcefulness (worn) {Int-5 Dex+6}
   (Okawaru gifted it to you on level 4 of the Depths)

   It affects your intelligence (-5).
   It affects your dexterity (+6).
 G - a +2 cloak of invisibility (worn)
 S - a +1 pair of boots of flying
 Z - the +0 hat "Nonweyme" (worn) {rPois rCorr Int+4}
   (You acquired it on level 2 of the Depths)

   It affects your intelligence (+4).
   It protects you from poison.
   It protects you from acid and corrosion.
Jewellery
 c - the brooch of Shielding {Reflect SH+8}
   (You found it on level 2 of the Elven Halls)

   [amulet of reflection]

   It shields you and reflects attacks.
   It affects your SH (+8).
 q - the ring "Souxtim" {rC+ rN+++ MP+9 Int-2}
   (You took it off an orc on level 14 of the Dungeon)

   [ring of protection from cold]

   It affects your intelligence (-2).
   It protects you from cold.
   It renders you almost immune to negative energy.
   It affects your magic capacity (+9).
 I - a ring of see invisible (right hand)
 L - the ring of Qusitul {+Fly rC++}
   (You acquired it on level 1 of the Elven Halls)

   [ring of flight]

   It greatly protects you from cold.
   It lets you fly.
 Q - the amulet of Ilapoena (around neck) {Spirit rF+ Slay+3}
   (You found it on level 2 of the Elven Halls)

   [amulet of guardian spirit]

   It causes incoming damage to be split between your health and magic.
   It affects your accuracy and damage with ranged weapons and melee attacks
   (+3).
   It protects you from fire.
 T - the ring of Yzabruf (left hand) {+Fly rF+ rC- rN+ MR++}
   (You acquired it on level 15 of the Dungeon)

   [ring of positive energy]

   It protects you from fire.
   It makes you vulnerable to cold.
   It protects you from negative energy.
   It affects your resistance to hostile enchantments.
   It lets you fly.
 U - an uncursed ring of protection from magic
 X - an uncursed ring of protection from fire
Wands
 e - a wand of paralysis (19/24)
 A - a wand of lightning (5/15)
 N - a wand of disintegration (18/24)
 R - a wand of clouds (2/9)
 V - a wand of lightning (9/15)
 W - a wand of paralysis (11/24)
Scrolls
 j - 2 scrolls of enchant armour
 l - 8 scrolls of fear
 r - 18 scrolls of remove curse
 t - 15 scrolls of identify
 u - 13 scrolls of teleportation
 x - 2 scrolls of silence
 K - 8 scrolls of fog
 P - 7 scrolls of enchant weapon
 Y - a scroll of summoning
Potions
 b - 10 potions of curing
 f - 4 potions of berserk rage
 h - 5 potions of brilliance
 n - 7 potions of flight
 p - 7 potions of resistance
 z - 5 potions of magic
 B - 10 potions of agility
 D - 4 potions of haste
 O - 2 potions of cancellation
Comestibles
 g - 38 fruits
 i - 12 royal jellies
 v - 14 meat rations
 J - 9 bread rations


   Skills:
 O Level 27 Fighting
 - Level 11.5(17.2) Axes
 - Level 20.4(21.3) Maces & Flails
 - Level 11.2 Throwing
 + Level 24.5 Armour
 + Level 21.9 Dodging
 - Level 1.2 Stealth
 - Level 21.7 Shields
 - Level 8.9 Invocations
 - Level 10.5 Evocations


You had 25 spell levels left.
You knew the following spells:

 Your Spells              Type           Power        Failure   Level  Hunger
a - Apportation           Tloc           #.....       95%         1    ##.....


Dungeon Overview and Level Annotations

Branches:
Dungeon (15/15)            Temple (0/1) D:7            Lair (6/6) D:9
  Swamp (4/4) Lair:3        Snake (4/4) Lair:4        Slime (5/5) Lair:5
    Orc (2/2) D:12            Elf (2/3) Orc:2        Vaults (4/5) D:14
  Crypt (0/3) Vaults:2     Depths (5/5) D:15            Zot (5/5) Depths:5

Altars:
Ashenzari
Cheibriados
Dithmenos
Elyvilon
Gozag
Hepliaklqana
Makhleb
Nemelex Xobeh
Okawaru
Qazlal
Sif Muna
Vehumet
Yredelemnul
Zin

Shops:
D:7 !:   Orc:2 *[%[?   Elf:1 (   Snake:4 [*?(   Vaults:1 *   Vaults:3 (

Portals:
Hell: Depths:1 Depths:2 Depths:3 Depths:4 Depths:5
Abyss: Depths:4
Pandemonium: Depths:1 Depths:2 Depths:3 Depths:4
Ziggurat: Depths:4

Annotations:
D:3 Ijyb
Snake:4 exclusion: Roxanne, Roxanne
Depths:3 2 transporters, exclusion: obsidian statue


Innate Abilities, Weirdness & Mutations

You reflexively headbutt those who attack you in melee.
You have a pair of horns on your head.
You have sharp fingernails.
You are surrounded by a mild repulsion field. (EV +2)
Scrolls take you a little longer to read.
Your mind is acute. (Int +2)
Your magical capacity is extremely low. (-30% MP)
You are robust. (+10% HP)
You are covered in fur. (AC +1)
You are occasionally teleported next to monsters.
You are weak. (Str -2)
[You often lose your temper in combat.]
[Armour fits poorly on your strangely shaped body.]
[You are very frail. (-20% HP)]


Message History

There is a stone staircase leading up here.
You climb upwards.
There is a stone staircase leading down here.
You see here a spear.
You see here a spear.
There is a stone staircase leading up here.
You climb upwards.
Level annotation: Ijyb
There is a stone staircase leading down here.
You see here a club.
There is a stone staircase leading up, spattered with blood here.
You climb upwards.
There is a stone staircase leading down here.
Magic restored.
There is a stone staircase leading up here.
You climb upwards.
There is a stone staircase leading down here.
There is an open door here.
There is a staircase leading out of the dungeon here.
You have escaped!

#################...........#####
................'...........#....
###........######...........#....
#........# #...#.........###
###........######...#.#####.#....
..#........##.............#.#..##
..#........##.#####.#####.#.#....
..#........##.#...#.#...#.#.##...
..#........##.#.@.#.'.>.#........
..#........##.#...#.#...#...##...
..#........##.##'##.#####...##.##
..#........##...............##...
..#........#..#####.##'##...#####
..#...........#...#.#...#........
..#######'#...#...'.#...#..######
.....####.#.#.#...#.#...#........
.......##.#.#.#####.#####...#####


There were no monsters in sight!

Vanquished Creatures
  the Royal Jelly (Slime:5)
  The ghost of NorthaanB the Ruinous, a legendary DrCj of Sif Muna (Zot:5)
  4 orbs of fire
  3 juggernauts
  Mara (Depths:1)
  3 ancient liches (Zot:5)
  Sojobo (Vaults:4)
  Saint Roka (Orc:2)
  Vashnia (Snake:4)
  A Killer Klown (Zot:5)
  A pandemonium lord (Zot:5)
  12 golden dragons
  Jorgrun (Snake:3)
  4 liches
  4 electric golems
  14 tentacled monstrosities
  A Hell Sentinel (D:6)
  21 Orb Guardians (Zot:5)
  A titan (Depths:5)
  22 acid blobs
  2 quicksilver dragons
  Gastronok (D:8)
  A deep elf blademaster (Depths:1)
  7 sphinxes
  6 death cobs
  6 storm dragons
  3 thorn hunters
  Donald (Snake:4)
  4 tengu reavers
  8 draconian monks
  13 nagarajas
  5 shadow dragons
  8 draconian knights
  4 deep elf sorcerers
  12 azure jellies
  6 fire giants
  A ghost moth (Zot:1)
  Aizul (Snake:4)
  10 frost giants
  5 draconian scorchers
  Louise (Elf:2)
  4 draconian shifters
  2 cacodemons
  A balrug (D:8)
  An iron dragon (Depths:4)
  12 vault wardens
  A draconian stormcaller (Zot:2)
  A spriggan defender (Depths:4)
  A black sun (D:5)
  3 orc warlords
  A deep elf elementalist (Depths:5)
  6 draconian annihilators
  12 ironheart preservers
  An entropy weaver (Vaults:4)
  12 stone giants
  33 very ugly things
  6 vampire knights
  8 green draconians
  4 deep elf annihilators
  12 black draconians
  12 purple draconians
  4 yellow draconians
  6 white draconians
  6 spark wasps
  13 red draconians
  A deep elf demonologist (Vaults:4)
  6 death oozes
  15 ettins
  A deep elf death mage (Elf:2)
  A minotaur (Lab)
  19 yaktaur captains
  11 fire dragons
  11 ice dragons
  3 jiangshi (Depths:2)
  4 rakshasas
  30 hydras
  A spriggan air mage (Depths:4)
  13 naga warriors
  12 vault guards
  3 catoblepae (Lair:6)
  16 great orbs of eyes
  11 centaur warriors
  22 anacondas
  6 death knights
  2 ghost crabs
  10 alligators
  Erica (D:8)
  A queen ant (D:10)
  17 ogre magi
  59 two-headed ogres
  32 dancing weapons
  3 hell hogs (Zot:5)
  Urug (Lair:3)
  4 tengu warriors
  9 deep troll shamans
  8 deep troll earth magi
  7 spriggan berserkers
  6 shock serpents
  7 death yaks
  22 naga sharpshooters
  A vampire mage (Depths:2)
  12 hell knights
  5 sun demons
  3 shadow wraiths
  2 sixfirhies (D:10)
  3 salamander mystics
  27 deep elf knights
  4 iron trolls
  6 skeletal warriors
  4 unseen horrors
  A fire crab (shapeshifter) (Depths:2)
  2 death drakes (Depths:5)
  2 infernal demonspawn (Zot:2)
  12 naga ritualists
  The ghost of hilaritas the Nimble, a novice FeBe of Trog (D:9)
  22 deep trolls
  9 glowing orange brains
  An unseen horror (shapeshifter) (Depths:3)
  3 wizards
  A shadow demon (Zot:5)
  2 death drakes (shapeshifter) (Depths:4)
  8 necromancers
  A spriggan druid (Swamp:3)
  5 flayed ghosts
  5 shambling mangroves
  16 deep elf archers
  11 ironbrand convokers
  An obsidian statue (D:11)
  Pikel (D:6)
  3 phantasmal warriors
  9 lindwurms
  A tengu zombie (Depths:4)
  9 harpies
  14 swamp dragons
  11 orc knights
  14 mana vipers
  2 orc sorcerers
  8 cyclopes
  An oklob plant (Lair:5)
  A sphinx zombie (Depths:4)
  4 wolf spiders
  41 ugly things
  68 deep elf magi
  4 shining eyes
  17 moths of wrath
  12 salamanders
  4 manticores
  A moth of wrath (shapeshifter) (Vaults:4)
  16 elephants
  12 guardian serpents
  Maurice (D:12)
  25 naga magi
  12 vault sentinels
  An ice statue (IceCv)
  6 smoke demons
  37 black mambas
  2 eyes of devastation (Slime:5)
  4 orange demons
  16 spiny frogs
  2 hellions
  2 gargoyles
  A spiny frog (shapeshifter) (D:14)
  5 spectral swamp worms (Depths:5)
  2 yaktaurs (shapeshifter)
  4 freezing wraiths
  6 hellwings
  4 kobold demonologists
  An ice devil (D:15)
  A rime drake (Lair:3)
  2 komodo dragons
  5 red devils
  59 yaktaurs
  17 polar bears
  8 tengu conjurers
  5 tyrant leeches
  A tengu simulacrum (Vaults:1)
  A queen bee (shapeshifter) (Vaults:4)
  19 trolls
  21 hornets
  Grinder (D:3)
  6 dream sheep
  A wolf spider simulacrum (D:14)
  A hornet (shapeshifter) (Vaults:2)
  Prince Ribbit (D:7)
  19 hippogriffs
  A hippogriff (shapeshifter) (Elf:1)
  77 slime creatures
  14 blink frogs
  9 bog bodies
  The ghost of appiemonkey the Digger, an amateur GrEE (D:4)
  A frost giant simulacrum (Vaults:3)
  2 redbacks (Vaults:4)
  A vampire (D:15)
  6 spriggans
  A tarantella (Vaults:4)
  The ghost of Thaneod the Skirmisher, an amateur MiBe of Trog (D:3)
  3 air elementals
  A centaur simulacrum (D:14)
  2 water elementals
  A fire elemental (Elf:1)
  77 yaks
  Grum (D:8)
  7 shadows
  A golden eye (shapeshifter) (Depths:4)
  5 wraiths
  8 wyverns
  6 golden eyes (Slime:4)
  4 chaos spawn
  2 steam dragons
  4 hungry ghosts
  16 vampire mosquitoes
  16 insubstantial wisps
  7 wargs
  A soldier ant (shapeshifter) (D:14)
  23 swamp worms
  42 nagas
  6 soldier ants (D:10)
  A swamp worm (shapeshifter) (Vaults:4)
  3 acid dragons
  5 porcupines
  18 water moccasins
  2 hell hounds (D:9)
  32 orc warriors
  4 sky beasts
  19 swamp drakes
  2 slaves (D:6)
  A black bear (D:7)
  4 eyes of draining
  5 phantoms
  An ice beast (D:15)
  17 wolves
  67 ogres
  A boggart (Depths:1)
  24 centaurs
  4 big kobolds
  7 crocodiles
  An elf simulacrum (Depths:4)
  14 bullfrogs
  2 earth elementals (Elf:1)
  A wyvern zombie (D:14)
  A gnoll sergeant (D:11)
  A glowing shapeshifter simulacrum (Vaults:3)
  3 scorpions
  10 killer bees
  5 electric eels
  10 wights
  11 howler monkeys
  9 crimson imps
  A lava snake (Orc:1)
  A bullfrog zombie (D:9)
  4 centaur zombies
  A human simulacrum (Vaults:3)
  A quasit (Zot:2)
  An iron imp (Depths:4)
  18 orc priests
  2 bullfrog skeletons
  A gnoll shaman (D:9)
  9 hounds
  4 jellies
  8 centaur skeletons
  Natasha (D:2)
  3 iguanas
  23 orc wizards
  33 worker ants
  4 hell rats (Lair:6)
  2 killer bee zombies
  2 hound skeletons
  12 adders
  27 gnolls
  A howler monkey skeleton (D:6)
  7 shadow imps
  An ooze (D:1)
  An adder skeleton (D:8)
  2 worms (Swamp:1)
  2 dart slugs
  3 leopard geckos
  78 orcs
  3 ball pythons
  A giant cockroach (D:6)
  5 goblins
  3 hobgoblins
  12 jackals
  3 quokkas
  8 bats
  6 frilled lizards
  A jackal skeleton (D:6)
  A jackal zombie (D:6)
  23 kobolds
  2 leopard gecko skeletons
  7 rats
  A briar patch (Swamp:2)
  A plant (Snake:4)
2424 creatures vanquished.

Vanquished Creatures (collateral kills)
  An orc knight (Depths:1)
1 creature vanquished.

Vanquished Creatures (others)
  A white draconian (Depths:5)
  A two-headed ogre (D:15)
  A tengu warrior (Depths:2)
  2 deep elf knights
  4 deep elf magi
  2 necromancers (Depths:1)
  An ironbrand convoker (Vaults:3)
  5 slime creatures (Depths:1)
  A water elemental (Elf:2)
  A swamp drake (Swamp:4)
  An orc wizard (D:12)
  An orc (D:8)
  A quokka (D:14)
  5 briar patches
  10 fungi
  6 plants
43 creatures vanquished.

Grand Total: 2468 creatures vanquished

Notes
Turn   | Place    | Note
-------+----------+-------------------------------------------
     0 | D:1      | ThePrince the Minotaur Gladiator began the quest for the Orb.
     0 | D:1      | Reached XP level 1. HP: 18/18 MP: 0/0
   136 | D:1      | Reached XP level 2. HP: 23/25 MP: 1/1
  1026 | D:2      | Reached XP level 3. HP: 24/30 MP: 2/2
  1329 | D:2      | Reached skill level 1 in Armour
  1602 | D:2      | Found a stormy altar of Qazlal.
  1915 | D:3      | Noticed Thaneod's ghost (amateur MiBe)
  1939 | D:3      | Killed Thaneod's ghost
  1939 | D:3      | Reached skill level 5 in Maces & Flails
  1939 | D:3      | Reached XP level 4. HP: 36/37 MP: 3/3
  1939 | D:3      | Reached XP level 5. HP: 43/44 MP: 4/4
  2231 | D:3      | Noticed Grinder
  2238 | D:3      | Noticed Natasha
  2278 | D:2      | Killed Natasha
  2336 | D:3      | Paralysed by Grinder for 4 turns
  2360 | D:3      | Killed Grinder
  2360 | D:3      | Reached skill level 3 in Fighting
  2360 | D:3      | Reached skill level 1 in Stealth
  2360 | D:3      | Reached XP level 6. HP: 43/51 MP: 5/5
  2562 | D:3      | Noticed Ijyb
  3057 | D:4      | Reached XP level 7. HP: 52/57 MP: 6/6
  3285 | D:4      | Noticed appiemonkey's ghost (amateur GrEE)
  3900 | D:4      | Killed appiemonkey's ghost
  3900 | D:4      | Reached skill level 4 in Fighting
  3909 | D:4      | Gained mutation: Your spells are a little easier to cast, but a little less powerful. [potion of mutation]
  3909 | D:4      | Gained mutation: [You are frail. (-10% HP)] [potion of mutation]
  3909 | D:4      | Gained mutation: You are resistant to hostile enchantments. (MR+) [potion of mutation]
  4237 | D:5      | Entered Level 5 of the Dungeon
  4371 | D:5      | Reached skill level 5 in Armour
  4617 | D:5      | Reached XP level 8. HP: 46/60 MP: 7/7
  4889 | D:5      | Found a deep blue altar of Sif Muna.
  5082 | D:6      | Found an iron altar of Okawaru.
  5104 | D:6      | Became a worshipper of Warmaster Okawaru
  5194 | D:6      | Noticed Pikel
  5219 | D:6      | Killed Pikel
  5219 | D:6      | Reached skill level 5 in Fighting
  5419 | D:6      | Reached * piety under Okawaru
  5465 | D:6      | Learned a level 1 spell: Apportation
  5477 | D:6      | Reached skill level 10 in Maces & Flails
  5618 | D:6      | Reached XP level 9. HP: 64/67 MP: 9/9
  5640 | D:6      | Found a radiant altar of Vehumet.
  5643 | D:6      | Found a snail-covered altar of Cheibriados.
  5645 | D:6      | Found a deep blue altar of Sif Muna.
  5647 | D:6      | Found a basalt altar of Yredelemnul.
  5647 | D:6      | Found a shattered altar of Ashenzari.
  5647 | D:6      | Found a sparkling altar of Nemelex Xobeh.
  5647 | D:6      | Found an opulent altar of Gozag.
  5648 | D:6      | Found a white marble altar of Elyvilon.
  5648 | D:6      | Found a glowing silver altar of Zin.
  5649 | D:6      | Found a burning altar of Makhleb.
  5650 | D:6      | Found a stormy altar of Qazlal.
  5924 | D:7      | Reached skill level 6 in Fighting
  6128 | D:7      | Found a staircase to the Ecumenical Temple.
  6194 | D:7      | Found Fubror's Book Shop.
  6415 | D:7      | Found Qimots's Distillery.
  6418 | D:7      | Bought a potion of heal wounds for 50 gold pieces
  6418 | D:7      | Bought a potion of curing for 30 gold pieces
  6418 | D:7      | Bought a potion of might for 40 gold pieces
  6467 | D:7      | Noticed Prince Ribbit
  6761 | D:7      | Killed Prince Ribbit
  6761 | D:7      | Reached ** piety under Okawaru
  6942 | D:8      | Noticed a two-headed ogre
  6954 | D:8      | Killed a two-headed ogre
  6954 | D:8      | Reached skill level 7 in Fighting
  7110 | D:8      | Reached *** piety under Okawaru
  7110 | D:8      | Reached XP level 10. HP: 77/77 MP: 12/12
  7113 | D:8      | Noticed Grum
  7399 | D:8      | Killed Grum
  7671 | D:8      | Noticed Erica
  7691 | D:8      | Killed Erica
  7691 | D:8      | Reached skill level 5 in Invocations
  7701 | D:8      | Reached **** piety under Okawaru
  7757 | D:8      | Noticed Gastronok
  8293 | D:8      | Reached skill level 8 in Fighting
  8312 | D:8      | Killed Gastronok
  8312 | D:8      | Reached ***** piety under Okawaru
  8569 | D:8      | Gained mutation: You evolve. [mutagenic meat]
  8866 | D:9      | Reached XP level 11. HP: 85/85 MP: 14/14
  8989 | D:9      | Reached skill level 9 in Fighting
  9404 | D:9      | Noticed hilaritas's ghost (novice FeBe)
  9446 | D:9      | Killed hilaritas's ghost
  9708 | D:9      | Found a staircase to the Lair.
  9731 | D:9      | Lost mutation: [You are frail. (-10% HP)] [evolution]
  9819 | D:9      | Received a gift from Okawaru
 10184 | D:10     | Entered Level 10 of the Dungeon
 10184 | D:10     | Noticed a two-headed ogre
 10194 | D:9      | Killed a two-headed ogre
 10194 | D:9      | Reached skill level 10 in Armour
 10385 | D:10     | Noticed a two-headed ogre
 10392 | D:10     | Killed a two-headed ogre
 10392 | D:10     | Reached skill level 5 in Dodging
 10673 | D:10     | Noticed a two-headed ogre
 10685 | D:10     | Killed a two-headed ogre
 10923 | D:10     | Noticed an unseen horror
 10930 | D:10     | Killed an unseen horror
 10930 | D:10     | Reached skill level 10 in Fighting
 10972 | D:10     | Lost mutation: Your spells are a little easier to cast, but a little less powerful. [evolution]
 11184 | D:10     | Noticed a queen ant
 11200 | D:10     | Killed a queen ant
 11200 | D:10     | Reached XP level 12. HP: 99/106 MP: 16/16
 11578 | D:11     | Received a gift from Okawaru
 11622 | D:11     | Found a labyrinth entrance.
 11629 | Lab      | Entered a labyrinth
 13203 | Lab      | Noticed a minotaur
 13218 | Lab      | Killed a minotaur
 13218 | Lab      | Reached skill level 15 in Maces & Flails
 14198 | D:12     | Identified Tikay's Almanac of Evil
 14322 | D:12     | Reached skill level 1 in Evocations
 14572 | D:12     | Noticed a two-headed ogre
 14584 | D:12     | Killed a two-headed ogre
 14600 | D:12     | Reached skill level 11 in Fighting
 14762 | Lair:1   | Entered Level 1 of the Lair of Beasts
 15638 | Lair:1   | Gained mutation: You have sharp fingernails. [evolution]
 15872 | Lair:2   | Reached XP level 13. HP: 116/116 MP: 18/18
 16223 | Lair:2   | Received a gift from Okawaru
 16235 | Lair:2   | Got a bloodstained hunting sling {god gift}
 16834 | Lair:3   | Noticed Urug
 16853 | Lair:3   | Killed Urug
 18018 | Lair:3   | Found a staircase to the Swamp.
 18225 | Lair:3   | Reached ****** piety under Okawaru
 18356 | Lair:4   | Received a gift from Okawaru
 18505 | Lair:4   | Found a staircase to the Snake Pit.
 18849 | Lair:4   | Reached skill level 12 in Fighting
 19358 | Lair:5   | Found a staircase to the Slime Pits.
 19773 | Lair:6   | Entered Level 6 of the Lair of Beasts
 20338 | Lair:6   | Reached skill level 5 in Evocations
 20999 | Lair:6   | Reached XP level 14. HP: 107/127 MP: 12/19
 21403 | Lair:5   | Received a gift from Okawaru
 22238 | Lair:6   | Received a gift from Okawaru
 22238 | Lair:6   | Reached skill level 13 in Fighting
 22280 | Lair:6   | Reached skill level 10 in Dodging
 22287 | Lair:6   | Received a gift from Okawaru
 22347 | Lair:6   | Gained mutation: Your magical capacity is low. (-10% MP) [evolution]
 22552 | Lair:6   | Got a pair of pitted gloves {god gift}
 22563 | Lair:6   | Identified the +1 pair of gloves of Weaso {rPois} (Okawaru gifted it to you on level 6 of the Lair of Beasts)
 23312 | D:12     | Found a staircase to the Orcish Mines.
 23335 | Orc:1    | Entered Level 1 of the Orcish Mines
 23453 | Orc:1    | Noticed Maurice
 23585 | D:12     | Killed Maurice
 24232 | Orc:2    | Entered Level 2 of the Orcish Mines
 24232 | Orc:2    | Found a staircase to the Elven Halls.
 24671 | Orc:2    | Received a gift from Okawaru
 24671 | Orc:2    | Reached XP level 15. HP: 78/136 MP: 12/18
 24761 | Orc:2    | Found Puqodopo's Armour Boutique.
 24829 | Orc:2    | Found a frozen archway.
 24938 | IceCv    | Entered an ice cave
 25245 | IceCv    | Received a gift from Okawaru
 25298 | IceCv    | Got a fine battleaxe {god gift}
 25299 | IceCv    | Identified the +10 battleaxe "Ujyge" {flame, rF+} (Okawaru gifted it to you in an ice cave)
 25488 | IceCv    | Reached skill level 1 in Axes
 25583 | IceCv    | Noticed a frost giant
 25595 | IceCv    | Killed a frost giant
 25655 | IceCv    | Got a twisted great mace
 25656 | IceCv    | Identified the +7 great mace of the Middle {holy, rN+ Str+5 Stlth-} (You found it in an ice cave)
 26168 | Orc:2    | Found Tugguf's Antique Armour Emporium.
 26172 | Orc:2    | Bought the cursed +1 plate armour of the Cooper {+Inv rElec rF+ rC+} for 600 gold pieces
 26195 | Orc:2    | Reached skill level 5 in Throwing
 26196 | Orc:2    | Found Wuobawuy's Assorted Antiques.
 26199 | Orc:2    | Found Haomu's Food Shop.
 26229 | Orc:2    | Bought a scroll labeled QOFFUH EWNIARPH for 23 gold pieces
 26229 | Orc:2    | Bought an encrusted bronze ring for 115 gold pieces
 26249 | Orc:2    | Noticed Saint Roka
 26289 | Orc:2    | Killed Saint Roka
 26863 | Orc:2    | Noticed an orc warlord
 27107 | Orc:1    | Killed an orc warlord
 27355 | Orc:2    | Found Nunaen's Magic Scroll Emporium.
 27363 | Orc:2    | Bought a scroll of fear for 52 gold pieces
 27363 | Orc:2    | Bought a scroll of magic mapping for 52 gold pieces
 27363 | Orc:2    | Bought a scroll of teleportation for 45 gold pieces
 27363 | Orc:2    | Bought a scroll of silence for 112 gold pieces
 27363 | Orc:2    | Bought a scroll of teleportation for 45 gold pieces
 27533 | Orc:2    | Received a gift from Okawaru
 27850 | D:12     | Received a gift from Okawaru
 28987 | D:13     | Gained mutation: You are agile. (Dex +2) [evolution]
 28987 | D:13     | Lost mutation: You evolve. [end of evolution]
 29619 | D:13     | Received a gift from Okawaru
 29919 | D:14     | Reached XP level 16. HP: 145/145 MP: 19/19
 30305 | D:14     | Received a gift from Okawaru
 30518 | D:14     | Found a white marble altar of Elyvilon.
 30594 | D:14     | Found a gate to the Vaults.
 30686 | D:14     | Reached skill level 14 in Fighting
 30729 | D:14     | Got a heavily runed pewter ring
 30731 | D:14     | Identified the ring "Wuchu" {*Tele rPois rC++ Int+2} (You took it off an orc on level 14 of the Dungeon)
 30761 | D:14     | Got a slimy ivory ring
 30763 | D:14     | Identified the ring "Souxtim" {rC+ rN+++ MP+9 Int-2} (You took it off an orc on level 14 of the Dungeon)
 30788 | D:14     | Found a runed door.
 31026 | D:15     | Entered Level 15 of the Dungeon
 31051 | D:15     | Found a staircase to the Depths.
 31351 | D:15     | Found a shadowy altar of Dithmenos.
 31356 | D:15     | Identified 2 scrolls of acquirement
 31361 | D:15     | Got a vibrating wooden ring
 31363 | D:15     | Identified the ring of Yzabruf {+Fly rF+ rC- rN+ MR++} (You acquired it on level 15 of the Dungeon)
 31367 | D:15     | Got a bound tin ring
 31369 | D:15     | Identified the ring of Sofireq {*Corrode +Inv rN+ MR+} (You acquired it on level 15 of the Dungeon)
 31437 | D:15     | Received a gift from Okawaru
 32574 | Swamp:1  | Entered Level 1 of the Swamp
 33103 | Swamp:1  | Received a gift from Okawaru
 33683 | Swamp:1  | Noticed a thorn hunter
 33694 | Swamp:1  | Killed a thorn hunter
 34730 | Swamp:2  | Received a gift from Okawaru
 34825 | Swamp:2  | Reached XP level 17. HP: 146/154 MP: 20/20
 34891 | Swamp:2  | Reached skill level 15 in Armour
 36712 | Swamp:4  | Entered Level 4 of the Swamp
 37831 | Swamp:4  | Received a gift from Okawaru
 37839 | Swamp:4  | Reached skill level 10 in Throwing
 37840 | Swamp:4  | Reached skill level 15 in Fighting
 37853 | Swamp:4  | Received a gift from Okawaru
 38905 | Swamp:4  | Got a decaying rune of Zot
 39184 | Snake:1  | Entered Level 1 of the Snake Pit
 40090 | Snake:1  | Received a gift from Okawaru
 40406 | Snake:2  | Identified the Tome of the Voyage and Aid
 40675 | Snake:2  | Got an ivory war axe
 40676 | Snake:2  | Identified the +8 war axe of Expedience {speed, rN+ MP+9} (You found it on level 2 of the Snake Pit)
 41057 | Snake:2  | Reached skill level 1 in Shields
 41347 | Snake:2  | Reached XP level 18. HP: 156/163 MP: 21/21
 41493 | Snake:2  | Reached skill level 5 in Axes
 42171 | Snake:3  | Noticed Jorgrun
 42190 | Snake:3  | Killed Jorgrun
 42190 | Snake:3  | Received a gift from Okawaru
 42293 | Snake:3  | Received a gift from Okawaru
 43097 | Snake:3  | Reached skill level 5 in Shields
 43430 | Snake:4  | Entered Level 4 of the Snake Pit
 43517 | Snake:4  | Noticed Aizul
 43542 | Snake:4  | Killed Aizul
 44261 | Snake:4  | Noticed Vashnia
 44291 | Snake:4  | Killed Vashnia
 44291 | Snake:4  | Received a gift from Okawaru
 44291 | Snake:4  | Reached skill level 10 in Axes
 44296 | Snake:4  | Received a gift from Okawaru
 44711 | Snake:4  | Noticed Roxanne
 45475 | Snake:3  | Received a gift from Okawaru
 45997 | Snake:4  | Found Ititom's General Store.
 45999 | Snake:4  | Found Zocetso's Weapon Shoppe.
 45999 | Snake:4  | Found Fegips's Antique Armour Emporium.
 46002 | Snake:4  | Found Nogh's Magic Scroll Shoppe.
 46010 | Snake:4  | Bought a pair of scorched gloves for 304 gold pieces
 46020 | Snake:4  | Identified the +0 pair of gloves "Otunweo" {rN+ SInv} (You bought it in a shop on level 4 of the Snake Pit)
 46115 | Snake:4  | Noticed Donald
 46559 | Snake:4  | HP: 8/166 [guardian serpent/bolt of poison (6)]
 46589 | Snake:4  | HP: 7/166 [guardian serpent/bolt of poison (8)]
 47020 | Snake:4  | Killed Donald
 47020 | Snake:4  | Reached skill level 16 in Fighting
 47393 | Snake:4  | Reached XP level 19. HP: 152/172 MP: 22/22
 47513 | Snake:4  | Received a gift from Okawaru
 47782 | Snake:4  | Received a gift from Okawaru
 48191 | Snake:4  | Received a gift from Okawaru
 49072 | Snake:4  | Got a serpentine rune of Zot
 49197 | Snake:3  | Reached skill level 17 in Fighting
 49412 | D:11     | Reached skill level 10 in Evocations
 49575 | Vaults:1 | Entered Level 1 of the Vaults
 49709 | Vaults:1 | Received a gift from Okawaru
 50458 | Vaults:1 | Found Byehy's Assorted Antiques.
 50467 | Vaults:1 | Bought a potion of haste for 330 gold pieces
 51653 | Vaults:1 | Reached skill level 18 in Fighting
 52272 | Vaults:2 | Reached XP level 20. HP: 178/187 MP: 24/24
 52764 | Vaults:2 | Found a staircase to the Crypt.
 53103 | Vaults:2 | Received a gift from Okawaru
 53544 | Vaults:2 | Received a gift from Okawaru
 54097 | Vaults:2 | Received a gift from Okawaru
 54359 | Vaults:2 | Received a gift from Okawaru
 54914 | Vaults:3 | Reached skill level 19 in Fighting
 55382 | Vaults:3 | Received a gift from Okawaru
 55385 | Vaults:3 | Got a distressingly furry plate armour {god gift}
 55396 | Vaults:3 | Identified the +1 plate armour of Sorcery {Int+4} (Okawaru gifted it to you on level 3 of the Vaults)
 55790 | Vaults:3 | Found Refof's Weapon Shop.
 55903 | Vaults:3 | Reached skill level 15 in Dodging
 55944 | Vaults:3 | Found an iron altar of Okawaru.
 57841 | Vaults:4 | Reached XP level 21. HP: 198/199 MP: 25/25
 57845 | Vaults:4 | Reached skill level 10 in Shields
 57854 | Vaults:4 | Received a gift from Okawaru
 57995 | Vaults:4 | Noticed Sojobo
 58017 | Vaults:4 | Received a gift from Okawaru
 58020 | Vaults:4 | Killed Sojobo
 59993 | Depths:1 | Entered Level 1 of the Depths
 60018 | Depths:1 | Reached skill level 15 in Shields
 60047 | Depths:1 | Received a gift from Okawaru
 60119 | Depths:1 | Noticed Mara
 60124 | Depths:1 | Noticed ThePrince's illusion
 60137 | Depths:1 | Noticed ThePrince's illusion
 60139 | Depths:1 | Killed Mara
 61050 | Depths:1 | Found a gateway to Hell.
 61109 | Depths:1 | Found a one-way gate leading to the halls of Pandemonium.
 61677 | Depths:1 | Found an iron altar of Okawaru.
 61980 | Depths:1 | Reached XP level 22. HP: 159/206 MP: 25/25
 62627 | Depths:2 | Received a gift from Okawaru
 63714 | Depths:2 | Identified Ceamm's Tome of Attacks
 64191 | Depths:2 | Received a gift from Okawaru
 64437 | Depths:2 | Got a warped hat
 64448 | Depths:2 | Identified the +0 hat "Nonweyme" {rPois rCorr Int+4} (You acquired it on level 2 of the Depths)
 64511 | Depths:2 | Received a gift from Okawaru
 65918 | Depths:1 | Received a gift from Okawaru
 66534 | Depths:2 | Found a hazy altar of Hepliaklqana.
 66834 | Depths:3 | Received a gift from Okawaru
 67232 | Depths:3 | Found a transporter.
 67234 | Depths:3 | Noticed a caustic shrike
 67444 | Depths:3 | Gained mutation: [You tend to lose your temper in combat.] [a cacodemon]
 67630 | D:14     | Lost mutation: You are agile. (Dex +2) [potion of mutation]
 67630 | D:14     | Lost mutation: [You tend to lose your temper in combat.] [potion of mutation]
 67630 | D:14     | Gained mutation: Scrolls take you a little longer to read. [potion of mutation]
 67630 | D:14     | Gained mutation: You have a somewhat thin skeletal structure. (Dex +2, Stealth) [potion of mutation]
 67630 | D:14     | Gained mutation: You are surrounded by a mild repulsion field. (EV +2) [potion of mutation]
 67741 | Vaults:1 | Received a gift from Okawaru
 67845 | Vaults:4 | Lost mutation: You are resistant to hostile enchantments. (MR+) [potion of mutation]
 67845 | Vaults:4 | Lost mutation: Scrolls take you a little longer to read. [potion of mutation]
 67845 | Vaults:4 | Lost mutation: Your magical capacity is low. (-10% MP) [potion of mutation]
 67845 | Vaults:4 | Gained mutation: You have large cloven feet. [potion of mutation]
 67845 | Vaults:4 | Lost mutation: You have a somewhat thin skeletal structure. (Dex +2, Stealth) [potion of mutation]
 67845 | Vaults:4 | Gained mutation: Your spells are a little harder to cast, but a little more powerful. [potion of mutation]
 68878 | Depths:3 | Received a gift from Okawaru
 69025 | Depths:3 | Reached XP level 23. HP: 181/214 MP: 29/29
 69062 | Depths:3 | Found a transporter.
 69241 | Depths:4 | Found a gateway to a ziggurat.
 69776 | Depths:4 | Reached skill level 20 in Fighting
 69848 | Depths:4 | Received a gift from Okawaru
 70003 | Depths:4 | Got a spiked large shield {god gift}
 70014 | Depths:4 | Identified the +8 large shield of Resourcefulness {Int-5 Dex+6} (Okawaru gifted it to you on level 4 of the Depths)
 70088 | Depths:4 | Noticed a juggernaut
 70117 | Depths:4 | Killed a juggernaut
 70541 | Depths:4 | Reached skill level 21 in Fighting
 70693 | Depths:4 | Noticed a juggernaut
 70711 | Depths:4 | Killed a juggernaut
 70827 | Depths:4 | Received a gift from Okawaru
 71278 | Depths:4 | Got the executioner's axe "Veanohin" {antimagic}
 71377 | Depths:4 | Found a one-way gate to the infinite horrors of the Abyss.
 71790 | Depths:5 | Entered Level 5 of the Depths
 71816 | Depths:5 | Reached XP level 24. HP: 230/230 MP: 29/29
 71992 | Depths:5 | Reached skill level 22 in Fighting
 72158 | Depths:5 | Got a pitted lead ring
 72159 | Depths:5 | Identified the ring of Impeseic {Ice rN+ MR- Str+2 SInv} (You found it on level 5 of the Depths)
 72214 | Depths:5 | Received a gift from Okawaru
 73173 | Depths:5 | Found a gate to the Realm of Zot.
 73302 | Depths:5 | Noticed a juggernaut
 73319 | Depths:5 | Killed a juggernaut
 73695 | Depths:5 | Reached skill level 23 in Fighting
 74120 | Elf:1    | Entered Level 1 of the Elven Halls
 74327 | Elf:1    | Identified Odymmaid's Grimoire of Boosting Orientation
 74371 | Elf:1    | Received a gift from Okawaru
 74435 | Elf:1    | Found Nocwad's Antique Weapon Emporium.
 74609 | Elf:1    | Received a gift from Okawaru
 75001 | Elf:1    | Got a warped lead ring
 75006 | Elf:1    | Identified the ring of Qusitul {+Fly rC++} (You acquired it on level 1 of the Elven Halls)
 75353 | Elf:2    | Received a gift from Okawaru
 75404 | Elf:2    | Got a wavering garnet amulet
 75406 | Elf:2    | Identified the amulet of Ilapoena {Spirit rF+ Slay+3} (You found it on level 2 of the Elven Halls)
 75529 | Elf:2    | Received a gift from Okawaru
 75536 | Elf:2    | Reached XP level 25. HP: 243/243 MP: 29/29
 75590 | Elf:2    | Found a runed gate.
 75590 | Elf:2    | Found a runed gate.
 75591 | Elf:2    | Found a runed gate.
 75664 | Elf:2    | Noticed Louise
 75683 | Elf:2    | Killed Louise
 75931 | Elf:2    | Reached skill level 24 in Fighting
 76085 | Elf:2    | Got a steaming morningstar {god gift}
 76086 | Elf:2    | Identified the +6 morningstar "Beastbane" {flame, Str+2 Int+3} (Okawaru gifted it to you on level 2 of the Elven Halls)
 76403 | Slime:1  | Entered Level 1 of the Pits of Slime
 76414 | Slime:1  | Gained mutation: Your body sometimes deteriorates upon taking damage. [a shining eye]
 76415 | Slime:1  | Gained mutation: You are weak. (Str -2) [a shining eye]
 76816 | Slime:2  | Gained mutation: [Armour fits poorly on your strangely shaped body.] [a shining eye]
 76947 | Slime:3  | Gained mutation: [You are frail. (-10% HP)] [a shining eye]
 76950 | Slime:3  | Gained mutation: Scrolls take you a little longer to read. [a shining eye]
 76974 | Slime:3  | Received a gift from Okawaru
 77398 | Lair:2   | Lost mutation: You are weak. (Str -2) [potion of mutation]
 77398 | Lair:2   | Lost mutation: Your body sometimes deteriorates upon taking damage. [potion of mutation]
 77398 | Lair:2   | Lost mutation: [Armour fits poorly on your strangely shaped body.] [potion of mutation]
 77398 | Lair:2   | Lost mutation: Your spells are a little harder to cast, but a little more powerful. [potion of mutation]
 77398 | Lair:2   | Lost mutation: [You are frail. (-10% HP)] [potion of mutation]
 77398 | Lair:2   | Gained mutation: You are covered in fur. (AC +1) [potion of mutation]
 78032 | Slime:5  | Entered Level 5 of the Pits of Slime
 78626 | Slime:5  | Noticed the Royal Jelly
 78782 | Slime:5  | Killed the Royal Jelly
 79627 | Slime:5  | Got a slimy rune of Zot
 79688 | Slime:5  | Identified a +2 pair of boots of running (You found it on level 5 of the Pits of Slime)
 80346 | Zot:1    | Entered Level 1 of the Realm of Zot
 80359 | Zot:1    | Reached skill level 25 in Fighting
 80434 | Zot:1    | Received a gift from Okawaru
 80620 | Zot:1    | Noticed an orb of fire
 80628 | Zot:1    | Gained mutation: You are weak. (Str -2) [an orb of fire]
 80630 | Zot:1    | Killed an orb of fire
 81260 | Zot:2    | Reached XP level 26. HP: 215/257 MP: 29/29
 81632 | Zot:2    | Received a gift from Okawaru
 81704 | Zot:2    | Reached skill level 26 in Fighting
 82036 | Zot:3    | Received a gift from Okawaru
 82209 | Zot:5    | Entered Level 5 of the Realm of Zot
 82277 | Zot:5    | Noticed NorthaanB's ghost (legendary DrCj)
 82303 | Zot:5    | Killed NorthaanB's ghost
 82678 | Zot:5    | Lost mutation: You have large cloven feet. [a Zot trap]
 82683 | Zot:5    | Noticed an ancient lich
 82718 | Zot:5    | Reached skill level 27 in Fighting
 82726 | Zot:5    | Killed an ancient lich
 82776 | Zot:5    | Noticed an orb of fire
 82777 | Zot:5    | Noticed an orb of fire
 82783 | Zot:5    | Gained mutation: Your magical capacity is low. (-10% MP) [an orb of fire]
 82787 | Zot:5    | Gained mutation: Your magical capacity is very low. (-20% MP) [an orb of fire]
 82789 | Zot:5    | Gained mutation: Your magical capacity is extremely low. (-30% MP) [an orb of fire]
 82795 | Zot:5    | Killed an orb of fire
 82796 | Zot:5    | Killed an orb of fire
 82846 | Zot:5    | Received a gift from Okawaru
 82846 | Zot:5    | Reached XP level 27. HP: 128/271 MP: 18/20
 82848 | Zot:5    | Noticed an ancient lich
 82860 | Zot:5    | Killed an ancient lich
 83021 | Zot:5    | Received a gift from Okawaru
 83122 | Zot:5    | Noticed an ancient lich
 83135 | Zot:5    | Killed an ancient lich
 83135 | Zot:5    | Received a gift from Okawaru
 83367 | Zot:5    | Received a gift from Okawaru
 83437 | Zot:5    | Noticed an orb of fire
 83440 | Zot:5    | Gained mutation: You are occasionally teleported next to monsters. [an orb of fire]
 83444 | Zot:5    | Gained mutation: Your mind is acute. (Int +2) [an orb of fire]
 83450 | Zot:5    | Killed an orb of fire
 83479 | Zot:5    | Got the Orb of Zot
 83502 | Zot:5    | Noticed Pacaer the pandemonium lord
 83562 | Zot:5    | Killed Pacaer the pandemonium lord
 84048 | D:11     | Noticed Aluixuid the pandemonium lord
 84067 | D:10     | Gained mutation: You are robust. (+10% HP) [a cacodemon]
 84329 | D:$      | Escaped with the Orb!

Skill      XL: |  1  2  3  4  5  6  7  8  9 10 11 12 13 14 15 16 17 18 19 20 21 22 23 24 25 26 27 |
---------------+----------------------------------------------------------------------------------+-----
Maces & Flails | 4 5 6 7 8 10 11 13 14 15 16 17 18 19 20 | 20.4
Dodging        | 4 5 7 9 10 11 12 13 14 15 16 17 19 20 21 | 21.9
Armour         | 2 3 4 5 6 7 9 10 11 12 13 14 15 16 17 18 19 20 21 23 24 | 24.5
Fighting       | 3 4 5 7 8 10 11 12 13 14 15 16 18 19 21 23 25 27 | 27.0
Stealth        | 1 |  1.2
Invocations    | 2 4 5 7 8 |  8.9
Evocations     | 2 5 7 8 9 10 | 10.5
Throwing       | 3 8 9 10 11 | 11.2
Axes           | 3 4 11 | 11.5
Shields        | 1 7 9 17 21 | 21.7

Action                   |  1- 3 |  4- 6 |  7- 9 | 10-12 | 13-15 | 16-18 | 19-21 | 22-24 | 25-27 || total
-------------------------+-------+-------+-------+-------+-------+-------+-------+-------+-------++-------
Melee: Flail             |    81 |    66 |   301 |   929 |   341 |       |       |       |       ||  1718
       Headbutt          |    16 |    11 |    60 |   226 |   427 |   434 |   554 |   756 |   549 ||  3033
       Punch             |       |       |       |     1 |     4 |       |       |       |       ||     5
       Dire flail        |       |       |       |    12 |       |       |       |       |       ||    12
       Morningstar       |       |       |       |       |   885 |       |       |       |       ||   885
       Great mace        |       |       |       |       |   333 |   953 |       |       |       ||  1286
       Battleaxe         |       |       |       |       |    56 |       |       |       |       ||    56
       War axe           |       |       |       |       |       |   680 |  1756 |  2098 |  1410 ||  5944
       Maul              |       |       |       |       |       |       |     8 |       |       ||     8
Throw: Throwing net      |       |       |     3 |       |     1 |       |     1 |       |     1 ||     6
       Javelin           |       |       |       |       |     7 |     9 |    23 |     2 |     4 ||    45
Invok: Heroism           |       |       |       |     5 |     4 |     2 |     2 |       |       ||    13
       Finesse           |       |       |       |     3 |    10 |    13 |    13 |     8 |     8 ||    55
 Abil: Evoke Berserk Rag |       |       |       |       |     1 |     1 |     2 |       |       ||     4
       Stop Flying       |       |       |       |       |       |       |       |     1 |       ||     1
       Evoke Invisibilit |       |       |       |       |       |       |       |     1 |       ||     1
  Use: Scroll            |     6 |     7 |     6 |    11 |     6 |    18 |    11 |     9 |     9 ||    83
       Potion            |     1 |       |     3 |     3 |    13 |    12 |     1 |     7 |     4 ||    44
 Stab: Sleeping          |     1 |       |       |       |       |       |       |       |       ||     1
       Invisible         |       |       |       |       |       |     2 |     4 |       |       ||     6
       Confused          |       |       |       |       |       |     1 |       |       |     3 ||     4
       Distracted        |       |       |       |       |       |       |     1 |     3 |       ||     4
  Eat: Chunk             |     3 |     3 |     7 |    18 |    32 |    26 |    14 |    23 |     6 ||   132
       Bread ration      |       |       |     2 |     2 |     3 |     3 |     3 |       |       ||    13
       Fruit             |       |       |       |       |     2 |     2 |     4 |     2 |     1 ||    11
       Royal jelly       |       |       |       |       |       |     4 |     5 |     1 |     2 ||    12
       Meat ration       |       |       |       |       |       |     2 |     2 |     3 |     3 ||    10
Armor: Leather armour    |     5 |       |       |       |       |       |       |       |       ||     5
       Chain mail        |    57 |    32 |    10 |       |       |       |       |       |       ||    99
       Scale mail        |       |       |   112 |   117 |       |       |       |       |       ||   229
       Crystal plate arm |       |       |       |   509 |  1182 |     8 |       |       |       ||  1699
       Ice dragon scales |       |       |       |       |    99 |       |       |       |       ||    99
       Plate armour      |       |       |       |       |     2 |   942 |   512 |   285 |   200 ||  1941
Dodge: Dodged            |    39 |    28 |   188 |   356 |   890 |  1045 |   578 |   389 |   296 ||  3809
Block: Buckler           |       |       |       |       |       |   164 |   202 |       |       ||   366
       Large shield      |       |       |       |       |       |       |   275 |  1206 |  1058 ||  2539
       Reflection        |       |       |       |       |       |       |       |     7 |    29 ||    36
